 Dungeon Crawl Stone Soup version 0.27-a0-899-ge2d0b17c59 (webtiles) character file.

Game seed: 10302758097261418324

43 rageheart7 the Twirler (level 3, -1/34 HPs)
             Began as a Naga Gladiator on Apr 6, 2021.
             Killed by divine providence
             ... invoked by an orc priest
              (13 damage)
             ... on level 2 of the Dungeon.
             The game lasted 00:01:07 (1490 turns).

rageheart7 the Twirler (Naga Gladiator)             Turns: 1490, Time: 00:01:07

Health: -1/34      AC:  5    Str: 17    XL:     3   Next: 58%
Magic:  3/3        EV:  8    Int:  8    God:
Gold:   64         SH:  0    Dex: 12    Spells: 2/2 levels left

rFire    . . .     SeeInvis +   a - +0 quarterstaff
rCold    . . .     Faith    .   (shield currently unavailable)
rNeg     . . .     Spirit   .   f - +0 scale mail
rPois    +         Reflect  .   c - +0 helmet
rElec    .         Harm     .   (no cloak)
rCorr    .         Rampage  .   (no gloves)
Will     .....                  (no barding)
Stlth    ..........             (no amulet)
HPRegen  0.11/turn              (no ring)
MPRegen  0.08/turn              (no ring)

@: short of breath, very slow
A: AC +1, large, see invisible, deformed body, poison resistance, slowness 2,
spit poison 1, naga tail 1
a: Spit Poison


You were on level 2 of the Dungeon.
You visited 1 branch of the dungeon, and saw 2 of its levels.

You collected 64 gold pieces.

Inventory:

Hand Weapons
 a - a +0 quarterstaff (weapon)
Missiles
 d - 3 throwing nets (quivered)
Armour
 c - a +0 helmet (worn)
 f - a +0 scale mail (worn)
Scrolls
 b - a scroll of brand weapon {unknown}
 e - a scroll of identify {unknown}
 h - a scroll of silence {unknown}
 i - a scroll of vulnerability {unknown}
Potions
 g - a potion of flight {unknown}
 j - a potion of attraction {unknown}


   Skills:
 * Level 3.0 Fighting
 * Level 3.8 Staves
 - Level 1.7 Throwing
 - Level 2.4 Dodging


You had 2 spell levels left.
You didn't know any spells.
Your spell library was empty.

Dungeon Overview and Level Annotations

Branches:
Dungeon (2/15)

Altars:


Innate Abilities, Weirdness & Mutations

Your serpentine skin is tough. (AC +1)
You have supernaturally acute eyesight. (SInv)
Armour fits poorly on your strangely shaped body.
Your system is resistant to poisons. (rPois)
You cover ground very slowly.
You can spit poison.
You have a snake-like lower body.


Message History

You see here a +0 club.
You hit the orc but do no damage. The orc hits you but does no damage.
A ball python comes into view.
The orc misses you.
You barely miss the orc.
The ball python hisses angrily.
The orc hits you with a +0 short sword. The orc barely misses you.
You barely miss the orc. The orc hits you but does no damage.
The orc hits you with a +1 trident of flaming.
The orc burns you.
The orc priest miscasts a cantrip.
An endoplasm comes into view.
The endoplasm quivers.
You hit the orc but do no damage. The orc hits you with a +0 short sword.
The orc hits you with a +1 trident of flaming.
The orc burns you.
The orc priest casts a cantrip, but nothing happens.
The orc closely misses you.
You are too injured to fight recklessly!
You are too injured to fight recklessly!
You are too injured to fight recklessly!
You are too injured to fight recklessly!
You are too injured to fight recklessly!
You are too injured to fight recklessly!
You are too injured to fight recklessly!
You are too injured to fight recklessly!
You are too injured to fight recklessly!
You are too injured to fight recklessly!
You are too injured to fight recklessly!
Press: ? - help, Shift-Dir - straight line, f - orc
Aim: an orc, wielding a +1 trident of flaming and wearing a +0 scale mail The splash of poison hits the orc!
You kill the orc!
The orc hits you with a +0 short sword.
You closely miss the orc priest. The orc priest closely misses you.
The orc completely misses you.
You hit the orc priest but do no damage.
The orc priest calls down the wrath of Beogh upon you.
Beogh smites you!
You die...

# .# # ...#.# # #..#.# #
#..#.# # ..#.#
###############.#.#
..†...............#
###...............#
#...........###.@o#
#.#.#...........#o......
#.#.#.###...###.#S####..
#.#.#.# #...# #.#..
#.#.#÷###...# #.#..#
..#.........# #.#..#
..###.####..# #.#...
......####..###(#.#.
#.#.............#.# #


You could see an orc priest, an orc and a ball python.

Vanquished Creatures
  A dart slug (D:1)
  2 orcs (D:2)
  3 endoplasms
  3 goblins
  4 hobgoblins
  6 jackals
  2 kobolds (D:1)
  3 quokkas
  A ball python (D:1)
  3 bats
  2 frilled lizards
  2 rats (D:1)
32 creatures vanquished.

Notes
Turn   | Place    | Note
-------+----------+-------------------------------------------
     0 | D:1      | rageheart7 the Naga Gladiator began the quest for the Orb.
     0 | D:1      | Reached XP level 1. HP: 19/19 MP: 1/1
   435 | D:1      | Reached XP level 2. HP: 22/27 MP: 2/2
  1069 | D:1      | Reached XP level 3. HP: 27/33 MP: 3/3
  1490 | D:2      | Killed from afar by an orc priest

Illustrated notes

Levels and vault maps discovered:
D:1:      dpeg_arrival_ternary, layout_basic, serial_corexii_hall,
          corexii_hall_statues_i, corexii_hall_statues_x, corexii_hall_statues_x
D:2:      layout_basic, uniq_jessica, uniq_crazy_yiuf_cottage

Skill      XL: |  1  2  3 |
---------------+----------+-----
Fighting       | 3 |  3.0
Staves         | |  3.8
Throwing       | |  1.7
Dodging        | |  2.4

Action                   || total
-------------------------++-------
Melee: Quarterstaff      ||    85
 Abil: Spit Poison       ||     2
Armor: Leather armour    ||     2
       Scale mail        ||    42
Dodge: Dodged            ||    62

Table legend: (Time is in decaauts)
 A = Elapsed time spent in this place.
 B = Non-inter-level travel time spent in this place.
 C = Inter-level travel time spent in this place.
 D = Time resting spent in this place.
 E = Time spent auto-exploring this place.
 F = Levels seen in this place.
 G = Mean time per level.
                   A        B        C        D        E       F      G
               +--------+--------+--------+--------+--------+-----+--------+
         Total |   1825 |   1796 |     29 |      0 |   1591 |   2 |  912.5 |
       Dungeon |   1825 |   1796 |     29 |      0 |   1591 |   2 |  912.5 |
               +--------+--------+--------+--------+--------+-----+--------+

Top non-repeatable levels by time:
     D:1: 1510 daAuts
     D:2: 315 daAuts
